 Dungeon Crawl Stone Soup version 0.28.0-47-ge53b351184 (webtiles) character file.

Game seed: 4163416577427998870

18 Zeld the Insei (level 2, -2/18 HPs)
             Began as an Octopode Transmuter on May 10, 2022.
             Slain by a goblin
             ... wielding a +0 club
              (4 damage)
             ... on level 1 of the Dungeon.
             The game lasted 00:00:55 (657 turns).

Zeld the Insei (Octopode Transmuter)                 Turns: 657, Time: 00:00:56

Health: -2/18      AC:  1    Str:  9    XL:     2   Next: 70%
Magic:  4/5        EV: 13    Int: 15    God:
Gold:   24         SH:  0    Dex: 12    Spells: 2/5 levels left

rFire   . . .      SeeInvis .     - Unarmed
rCold   . . .      Faith    .   (no shield)
rNeg    . . .      Spirit   .   (helmet currently unavailable)
rPois   .          Reflect  .   (no amulet)
rElec   .          Harm     .   (no ring)
rCorr   .          Rampage  .   (no ring)
Will    .....                   (no ring)
Stlth   +++.......              (no ring)
HPRegen 0.06/turn               (no ring)
MPRegen 0.09/turn               (no ring)
                                (no ring)
                                (no ring)

@: appendages
A: tentacle spike 3, almost no armour, amphibious, 8 rings, camouflage 1,
gelatinous body 1, (nimble swimmer 1), tentacles
a: End Transformation


You were on level 1 of the Dungeon.
One of your tentacles had grown a beastly spike.
You visited 1 branch of the dungeon, and saw 1 of its levels.

You collected 24 gold pieces.

Inventory:

Scrolls
 b - a scroll of fog {unknown}
Potions
 a - a potion of cancellation {unknown}


   Skills:
 * Level 1.2 Fighting
 + Level 2.1 Dodging
 + Level 1.0 Stealth
 + Level 3.0 Unarmed Combat
 * Level 2.3 Spellcasting
 * Level 2.1 Transmutations
 + Level 0.3 Ice Magic
 + Level 0.1 Poison Magic


You had 2 spell levels left.
You knew the following spells:

 Your Spells              Type           Power      Damage    Failure   Level
a - Beastly Appendage     Tmut           16%        N/A       9%          1
b - Wereblood             Tmut           8%         N/A       13%         2

Your spell library contained the following spells:

 Spells                   Type           Power      Damage    Failure   Level
 Spider Form              Tmut/Pois      5%         N/A       38%         3
 Ice Form                 Ice/Tmut       5%         N/A       78%         4


Dungeon Overview and Level Annotations

Branches:
Dungeon (1/15)

Altars:


Innate Abilities, Weirdness & Mutations

One of your tentacles has grown a beastly spike.
You cannot wear most types of armour.
You are amphibious.
You can wear up to eight rings at the same time.
Your skin changes colour to match your surroundings (Stealth+).
Your rubbery body absorbs attacks. (AC +1, EV +1)
((You are camouflaged when in or above water. (Stealth+)))
You have tentacles for arms and can constrict up to eight enemies at once.


Message History

You tentacle-slap the giant cockroach. Your grab misses the giant cockroach.
The giant cockroach is heavily wounded.
The giant cockroach bites you.
You tentacle-slap the giant cockroach but do no damage.
You grab the giant cockroach.
Your tentacle spike misses the giant cockroach.
The giant cockroach is heavily wounded.
Your tentacle spike disappears.
You constrict the giant cockroach, but do no damage.
The giant cockroach closely misses you.
You tentacle-slap the giant cockroach but do no damage.
You squeeze the giant cockroach.
You kill the giant cockroach!
You closely miss the ball python. You grab the ball python.
You squeeze the ball python.
You kill the ball python!
You tentacle-slap the endoplasm but do no damage.
The endoplasm freezes you.
You are frozen.
You tentacle-slap the endoplasm.
The endoplasm is severely wounded.
A ball python comes into view.
The endoplasm hits you.
You tentacle-slap the endoplasm.
You kill the endoplasm!
You tentacle-slap the goblin but do no damage.
Your grab misses the goblin. You squeeze the goblin.
The goblin is moderately wounded.
The goblin misses you.
A giant cockroach comes into view.
Casting: Beastly Appendage (safe; 9% risk of failure)
Confirm with . or Enter, or press ? or * to list all spells.
One of your tentacles grows a vicious spike.
The goblin hits you with a +0 dagger.
* * * LOW HITPOINT WARNING * * *
You tentacle-slap the goblin.
You kill the goblin!
You barely miss the goblin. Your grab misses the goblin.
The goblin hits you with a +0 club.
You die...

....... J...... .......
########### ##.......
#.........# #..B.....
#####.###.# #........
#######.....######).......
#........#....#.@g........
#...............##....:...
#(.......#.##.#####.......
)####.####.##....# #......
.## #.####.#####.# ###...
..# #....#.# #.# ..
#.######.#.# ##.##### .
#....###...####..#....
####...##.....#....#


You could see a giant cockroach and a goblin.

Vanquished Creatures
  A dart slug (D:1)
  2 endoplasms (D:1)
  A giant cockroach (D:1)
  2 goblins (D:1)
  A hobgoblin (D:1)
  2 jackals (D:1)
  A ball python (D:1)
  2 frilled lizards (D:1)
  2 kobolds (D:1)
  A rat (D:1)
15 creatures vanquished.

Notes
Turn   | Place    | Note
-------+----------+-------------------------------------------
     0 | D:1      | Zeld the Octopode Transmuter began the quest for the Orb.
     0 | D:1      | Reached XP level 1. HP: 13/13 MP: 3/3
   476 | D:1      | Reached XP level 2. HP: 18/18 MP: 3/5
   479 | D:1      | Learned a level 2 spell: Wereblood
   636 | D:1      | Reached skill level 1 in Stealth
   657 | D:1      | Slain by a goblin

Illustrated notes

Levels and vault maps discovered:
D:1:      psy_arrival_whirlpool, layout_rooms, chequers_serial_rivers_marsh,
          minmay_hedge_maze

Skill      XL: |  1  2 |
---------------+-------+-----
Stealth        | 1 |  1.0
Fighting       | |  1.2
Dodging        | |  2.1
Unarmed Combat | |  3.0
Spellcasting   | |  2.3
Transmutations | |  2.1
Ice Magic      | |  0.3
Poison Magic   | |  0.1

Action                   || total
-------------------------++-------
Melee: Unarmed           ||    38
       Kick              ||     8
       Constrict         ||     6
       Punch             ||     1
       Tentacles         ||     4
 Cast: Beastly Appendage ||     8
 Stab: Sleeping          ||     1
Armor: Skin              ||     1
Dodge: Dodged            ||    17
